Cogmind - Beta 13 @@@ ROGUE MODE // 2024.05.05 @ 12:17:57 Player: Gabe+Kate4EVR Result: Destroyed by P-60 Hacker via exploding Fusion Modulator Performance ------------- Evolutions (3) 1500 Regions Visited (4) 800 Robots Destroyed (151) 755 Value Destroyed (4166) 4166 Prototype IDs (5) 100 Alien Tech Used (0) 0 Bonus (583) 583 TOTAL SCORE: 7904 Bonus ------- High Alert Combat Kills 583 Cogmind --------- Core Integrity 0/700 Matter 72/300 Energy 300/300 System Corruption 11% Temperature Cool (24) Movement Rolling (175) Ox5 Location -7/Factory Parts ------- > --- POWER (1) -------- Enhanced Nuclear Core > --- PROPULSION (5) --- Compact Wheel > --- UTILITY (5) ------ Improved Heat Sink Huge Storage Unit Core Analyzer Graphene Brace (fused) > --- WEAPON (2) ------- Flak Cannon > --- INVENTORY (25) --- Improved Deuterium Engine Improved Deuterium Engine Improved Cooling System Improved Sensor Array Improved Signal Interpreter Improved Targeting Computer Improved Power Shielding Hardened Medium Armor Plating Reactive Plating Improved Shield Generator Field Recycling Unit (26) Gauss Rifle Flak Gun Assault Cannon Assault Cannon Flak Cannon Advanced Assault Cannon Rocket Launcher Rocket Launcher Rocket Launcher Mini Grenade Launcher Heavy Missile Launcher Heavy Missile Launcher Plasma Cutter Powered Hammer Peak State ------------ > --- POWER ------------ Heavy Deuterium Engine > --- PROPULSION ------- Improved Treads Wheel Wheel Armored Huge Wheel > --- UTILITY ---------- Huge Storage Unit Improved Targeting Computer Core Analyzer Graphene Brace Improved Shield Generator > --- WEAPON ----------- Flak Gun Flak Cannon > --- INVENTORY -------- Cooled Ion Engine Improved Deuterium Engine Micro Nuclear Core Improved Cooling System Weight Redist. System Core Analyzer Light Armor Plating Field Recycling Unit Shock Rifle Arc Projector Advanced Beam Rifle Flak Gun Assault Cannon Assault Cannon Assault Cannon Flak Cannon Rocket Launcher Rocket Launcher Rocket Launcher Rocket Launcher Rocket Launcher Rocket Launcher Plasma Cutter Powered Hammer Powered Hammer [Rating: 49] Favorites ----------- Power Heavy Deuterium Engine Engine Heavy Deuterium Engine Power Core Enhanced Nuclear Core Propulsion Wheel Treads Light Treads Leg Improved Carbon-fiber Leg Wheel Wheel Utility Huge Storage Unit Device Graphene Brace Storage Huge Storage Unit Processor Improved Targeting Computer Protection Hardened Medium Armor Plating Weapon Flak Cannon Energy Gun EM Shotgun Ballistic Gun Flak Gun Ballistic Cannon Flak Cannon Launcher Rocket Launcher Special Weapon Remote Datajack Impact Weapon Powered Hammer Build | -11 -10 -9 -8 -7 ------- Run | Yrd Mat Mat Mat Fac Slots Evolved 6 | . . 2 2 2 Power . | . . . . . Propulsion 3 | . . . 2 1 Utility 3 | . . 2 . 1 Weapon . | . . . . . Parts Attached 174 | 6 18 16 31 103 Power 20 | 1 1 2 3 13 Engine 15 | 1 1 2 3 8 Core 5 | . . . . 5 Reactor . | . . . . . Propulsion 65 | 2 5 5 15 38 Treads 13 | . . 2 4 7 Leg 11 | 2 1 . 6 2 Wheel 41 | . 4 3 5 29 Hover . | . . . . . Flight . | . . . . . Utility 44 | 1 5 4 5 29 Device 30 | . 3 1 4 22 Storage 2 | 1 1 . . . Processor 4 | . . 3 . 1 Hackware . | . . . . . Protection 8 | . 1 . 1 6 Artifact . | . . . . . Weapon 45 | 2 7 5 8 23 Energy Gun 10 | 2 3 3 2 . Energy Cannon . | . . . . . Ballistic Gun 12 | . 2 . . 10 Ballistic Cannon 14 | . . 2 3 9 Launcher 7 | . 2 . 2 3 Special Weapon 1 | . . . . 1 Impact Weapon 1 | . . . 1 . Slashing Weapon . | . . . . . Piercing Weapon . | . . . . . Special Melee Weapon . | . . . . . Unidentified Prototypes 5 | . . 1 3 1 Corrupted Parts 2 | . 2 . . . System Corruption 7 | . 7 . . . Parts Lost 32 | . 1 1 5 25 Power 5 | . 1 1 1 2 Propulsion 15 | . . . 1 14 Utility 8 | . . . 1 7 Weapon 4 | . . . 2 2 Highest Loss Streak 5 | . 1 1 2 5 To Critical Strikes . | . . . . . Average Slot Usage (%) 94 | . 98 99 93 92 Engine 7 | . 13 10 8 5 Treads 7 | . . 8 12 6 Leg 3 | . 11 . 11 . Wheel 18 | . 16 13 9 23 Device 12 | . 12 11 13 11 Storage 8 | . 14 11 9 7 Processor 12 | . . 22 9 13 Protection 2 | . . . 3 3 Energy Gun 3 | . 20 5 . . Ballistic Gun 4 | . 7 . . 7 Ballistic Cannon 7 | . . 15 10 5 Naked Turns . | . . . . . Heaviest Build 114 | 10 91 100 106 114 Greatest Support 91 | 20 26 52 91 91 Greatest Overweight (x) 6 | . 5 3 6 5 Average Overweight (x) 1 | . 2 2 1 2 Largest Inventory Capacity 25 | 8 25 25 25 25 Average Capacity 24 | 7 18 25 25 25 Most Carried 25 | 6 21 25 25 25 Average Carried 23 | 3 13 23 24 24 Final Capacity 25 | 8 25 25 25 25 Final Carried 25 | 6 21 25 25 25 Class Distribution -------------------- 60% | Mutant 39% | Scavenger-Mutant Dominant Class ---------------- Mutant | -10/Materials Mutant | -9/Materials Scavenger-Mutant | -8/Materials Scavenger-Mutant | -7/Factory Resources | -11 -10 -9 -8 -7 ----------- Run | Yrd Mat Mat Mat Fac Matter Collected 3877 | 224 257 565 499 2332 Remotely . | . . . . . Salvage Created 4232 | . 426 670 442 2694 Parts 257 | . 39 40 26 152 Haulers Intercepted 9 | . 1 2 2 4 Recyclers Shooed 9 | . 1 3 . 5 Parts Field Recycled 74 | . . . . 74 Retrieved Matter 680 | . . . . 680 Parts Self-Destructed . | . . . . . Prevented . | . . . . . Kills | -11 -10 -9 -8 -7 ------- Run | Yrd Mat Mat Mat Fac Combat Hostiles Destroyed 93 | . 11 18 10 54 Melee 1 | . . . 1 . Guns 33 | . 9 5 . 19 Cannons 42 | . . 13 8 21 AOE 16 | . 2 . . 14 Classes Destroyed 17 | . 8 3 1 5 Worker 16 | . 3 . 6 7 Builder 11 | . 1 1 1 8 Tunneler 5 | . . . . 5 Hauler 9 | . 1 2 2 4 Recycler 14 | . 1 2 1 10 Mechanic 2 | . . 1 . 1 Operator 1 | . 1 . . . Watcher 3 | . 1 . 1 1 Swarmer 18 | . 8 8 . 2 Grunt 39 | . 3 4 7 25 Brawler 1 | . . . . 1 Duelist 2 | . . 1 . 1 Sentry 17 | . . 5 2 10 Specialist 2 | . . . . 2 Hunter 3 | . . . . 3 Programmer 9 | . . . . 9 Heavy 2 | . . . 1 1 Best Kill Streak 11 | . 11 5 3 11 Combat Bots Only 8 | . 7 4 3 8 Max Kills in Single Turn 4 | . 3 1 1 4 Gunslinging . | . . . . . Exploded 3 | . 1 . . 3 Melee 1 | . . . 1 . Uniques/NPCs Destroyed . | . . . . . Combat | -11 -10 -9 -8 -7 -------- Run | Yrd Mat Mat Mat Fac Hostile Shots Fired 729 | . 39 45 89 556 Missed 233 | . 12 13 25 183 Damage Taken 6459 | . 214 321 1029 4895 Core 851 | . 33 54 58 706 Absorbed by Shields 361 | . . . 62 299 Regen/Repaired (Parts) 151 | . 31 . . 120 Core Remaining (%) 90 | 100 86 86 89 . Volleys Fired 308 | . 42 37 40 189 Largest 2 | . 2 2 2 2 Hottest 105 | . 90 90 89 105 Shots Fired 581 | . 69 74 79 359 Gun 282 | . 67 16 3 196 Cannon 274 | . . 58 72 144 Launcher 25 | . 2 . 4 19 Special . | . . . . . Kinetic 490 | . 26 60 72 332 Thermal 8 | . . . . 8 Explosive 25 | . 2 . 4 19 Electromagnetic 58 | . 41 14 3 . Robot Hit Streak 21 | . 6 12 9 21 Robot Miss Streak 11 | . 8 11 6 11 Penetration Max . | . . . . . Secondary Targets . | . . . . . Shots Hit Robots 468 | . 43 61 76 288 Core Hits 539 | . 26 66 65 382 Critical Kills . | . . . . . Critical Parts Destroyed 1 | . . . 1 . Critical Strikes 5 | . . . 1 4 Burn 1 | . . . . 1 Blast 3 | . . . . 3 Smash 1 | . . . 1 . Melee Attacks 11 | . . . 10 1 Impact 11 | . . . 10 1 Slashing . | . . . . . Piercing . | . . . . . Sneak Attacks 3 | . . . 3 . Combat Hostiles . | . . . . . Follow-up Attacks . | . . . . . Damage Inflicted 11438 | . 935 1077 1900 7526 Guns 4232 | . 642 149 45 3396 Cannons 4483 | . . 928 1269 2286 Explosions 2141 | . 293 . 46 1802 Melee 506 | . . . 506 . Ramming 76 | . . . 34 42 Kinetic 7910 | . 156 943 1269 5542 Thermal 299 | . 111 . . 188 Explosive 1982 | . 182 . 46 1754 Electromagnetic 665 | . 486 134 45 . Impact 506 | . . . 506 . Slashing . | . . . . . Piercing . | . . . . . Highest Corruption 11 | . 8 . . 11 Average Corruption 5 | . 1 . . 6 Corruption Purged . | . . . . . Corruption Blocked . | . . . . . Effects 132 | . 7 . . 125 Message Errors 22 | . 3 . . 19 Matter Fused 31 | . 2 . . 29 Heat Flow Errors 16 | . . . . 16 Energy Discharges 23 | . 1 . . 22 Parts Rejected 2 | . . . . 2 Parts Fused 2 | . . . . 2 Data Loss (minor) 16 | . 1 . . 15 Data Loss (major) 6 | . . . . 6 Misfires 5 | . . . . 5 Alerts 3 | . . . . 3 Weapon Failures 6 | . . . . 6 Overload Shots . | . . . . . Overflow Damage 177 | . 12 . 145 20 Projectiles 2 | . . . . 2 Explosions 21 | . 12 . . 9 Melee 154 | . . . 145 9 Knockbacks 124 | . . 31 33 60 Impact 1 | . . . 1 . Kinetic 118 | . . 31 28 59 Secondary 5 | . . . 4 1 Self-Inflicted Damage 235 | . 5 . 1 229 Shots 9 | . 1 . 1 7 Rammed 7 | . . . 3 4 Targets Rammed 10 | . . . 6 4 Kicked 3 | . . . 3 . Crushed . | . . . . . Highest Temperature 276 | . 126 109 162 276 Average Temperature 50 | . 32 33 42 61 Received Heat Transfer 1718 | . 12 66 420 1220 Siege Activations . | . . . . . Robots Corrupted . | . . . . . Combat Hostiles . | . . . . . Parts Fried 5 | . 1 . 4 . Impact Corruptions 8 | . . . 7 1 Robots Melted . | . . . . . Combat Hostiles . | . . . . . Parts Melted . | . . . . . Heat Transferred 483 | . 100 . . 383 Parts Sabotaged . | . . . . . Parts Stolen . | . . . . . Parts Stripped . | . . . . . Power Chain Reactions 2 | . 2 . . . Alert | -11 -10 -9 -8 -7 ------- Run | Yrd Mat Mat Mat Fac Peak Influence 1159 | . 317 409 150 1159 Initial 48 | . . 15 48 2 Average 255 | . 95 217 35 392 Maximum Alert Level 4 | . 1 2 . 4 Low Security (%) 59 | 100 81 49 100 39 Level 1 15 | . 18 39 . 15 Level 2 18 | . . 11 . 31 Level 3 5 | . . . . 9 Level 4 1 | . . . . 3 Level 5 . | . . . . . High Security . | . . . . . Max Security . | . . . . . Squads Dispatched 31 | . 1 2 2 26 Investigation 5 | . . 1 . 4 Extermination 8 | . . . . 8 Reinforcement 8 | . 1 1 2 4 Assault 1 | . . . . 1 Garrison 9 | . . . . 9 Intercept . | . . . . . Searches Triggered . | . . . . . Construction Impeded 1 | . . . . 1 Haulers Reinforced . | . . . . . Active Scanning Responses . | . . . . . Cargo Convoy Interrupts . | . . . . . Stealth | -11 -10 -9 -8 -7 --------- Run | Yrd Mat Mat Mat Fac Distress Signals 13 | . 1 2 2 8 Communications Jammed . | . . . . . Distress Signals . | . . . . . Times Spotted 146 | . 23 25 19 79 Peak Tracking Total 7 | . 4 5 6 7 Tactical Retreats 4 | . 1 1 1 1 Traps | -11 -10 -9 -8 -7 ------- Run | Yrd Mat Mat Mat Fac Traps Triggered 5 | . 1 1 . 3 Indirectly . | . . . . . Trap Hack Attempts . | . . . . . Triggered . | . . . . . Disarmed . | . . . . . Reprogrammed . | . . . . . Reused . | . . . . . Traps Extracted . | . . . . . Installed . | . . . . . Triggered . | . . . . . Machines | -11 -10 -9 -8 -7 ---------- Run | Yrd Mat Mat Mat Fac Machines Disabled 5 | . . . . 5 Max in Single Turn 2 | . . . . 2 Machines Repaired . | . . . . . Machines Dismantled . | . . . . . Machines Sabotaged . | . . . . . Overloaded Fab Kills . | . . . . . Hacking | -11 -10 -9 -8 -7 --------- Run | Yrd Mat Mat Mat Fac Machines Accessed 20 | . 4 3 3 10 Terminals 12 | . 3 3 3 3 Fabricators 3 | . . . . 3 Repair Stations 2 | . 1 . . 1 Recycling Units 2 | . . . . 2 Scanalyzers 1 | . . . . 1 Garrison Access . | . . . . . Total Hacks 51 | . 7 5 8 31 Successful 24 | . 3 2 3 16 Failed 27 | . 4 3 5 15 Catastrophic 6 | . 1 1 1 3 Database Lockouts . | . . . . . Manual 19 | . 3 4 8 4 Terminals 20 | . 3 5 8 4 Fabricators 10 | . . . . 10 Repair Stations 10 | . 4 . . 6 Recycling Units 4 | . . . . 4 Scanalyzers 7 | . . . . 7 Garrison Access . | . . . . . Terminal Hacks 7 | . 1 2 3 1 Robot Analysis 1 | . . 1 . . Unreport Threat 6 | . 1 1 3 1 Fabricator Hacks 3 | . . . . 3 Load Schematic 2 | . . . . 2 Build 1 | . . . . 1 Repair Station Hacks 5 | . 2 . . 3 Scan Component 3 | . 1 . . 2 Repair 2 | . 1 . . 1 Recycling Unit Hacks 3 | . . . . 3 Process 1 | . . . . 1 Retrieve Matter 1 | . . . . 1 Retrieve Components 1 | . . . . 1 Scanalyzer 6 | . . . . 6 Insert Component 2 | . . . . 2 Analyze 4 | . . . . 4 Garrison Access Hacks . | . . . . . Unauthorized Hacks . | . . . . . Terminals . | . . . . . Fabricators . | . . . . . Repair Stations . | . . . . . Recycling Units . | . . . . . Scanalyzers . | . . . . . Garrison Access . | . . . . . Data Cores Recovered 1 | . 1 . . . Used . | . . . . . Hacking Detections 14 | . 2 2 2 8 Full Trace Events 5 | . . 1 . 4 Feedback Events 2 | . . . . 2 Corruption 2 | . . . . 2 Feedback Blocked . | . . . . . Robot Schematics Acquired . | . . . . . Robots Built . | . . . . . Authchips . | . . . . . Time . | . . . . . Total Robot Build Rating . | . . . . . Part Schematics Acquired 2 | . . . . 2 Parts Built 2 | . . . . 2 Authchips . | . . . . . Time 62 | . . . . 62 Total Part Build Rating 4 | . . . . 4 Parts Repaired 2 | . 1 . . 1 Time 93 | . 32 . . 61 Parts Recycled . | . . . . . Recycled Matter 340 | . . . . 340 Retrieved Matter 340 | . . . . 340 Retrieved Components . | . . . . . Parts Scanalyzed 2 | . . . . 2 Part Schematics Acquired 2 | . . . . 2 Parts Damaged . | . . . . . Bothacking | -11 -10 -9 -8 -7 ------------ Run | Yrd Mat Mat Mat Fac Used RIF Installer . | . . . . . Robots Hacked . | . . . . . Non-combat . | . . . . . Combat . | . . . . . Robot Hacks Applied . | . . . . . Relay Couplers Released 4 | . . . . 4 Programmers 4 | . . . . 4 Fabnet Peak Effective % . | . . . . . Robots Rewired . | . . . . . Allies Hacked . | . . . . . Hacks Repelled . | . . . . . Allies | -11 -10 -9 -8 -7 -------- Run | Yrd Mat Mat Mat Fac Total Allies . | . . . . . Largest Group . | . . . . . Highest-Rated Group . | . . . . . Highest-Rated Ally . | . . . . . Total Orders . | . . . . . Ally Attacks . | . . . . . Total Damage . | . . . . . Kills . | . . . . . Allies Corrupted . | . . . . . Allies Melted . | . . . . . Intel | -11 -10 -9 -8 -7 ------- Run | Yrd Mat Mat Mat Fac Robot Analysis Total 1 | . . 1 . . Derelict Logs Recovered . | . . . . . Drone Launches . | . . . . . Drone Recoveries . | . . . . . Exploration | -11 -10 -9 -8 -7 ------------- Run | Yrd Mat Mat Mat Fac Turns Passed 7652 | 81 782 968 1720 4101 Spaces Moved 3965 | 59 428 476 793 2209 Core 6 | 6 . . . . Treads 426 | . . 143 265 18 Legs 435 | 53 172 . 210 . Wheels 3098 | . 256 333 318 2191 Hover . | . . . . . Flight . | . . . . . Fastest Speed 50 | 50 120 120 100 103 Average Speed 137 | 112 135 161 170 121 Slowest Speed 560 | 120 400 400 400 560 Overloaded Moves . | . . . . . Propulsion Burnouts . | . . . . . Robots Hopped . | . . . . . Cave-ins Triggered . | . . . . . Exploration Rate (%) 37 | 4 74 34 35 39 Regions Visited 4 Branch Regions . Pre-discovered Areas . | . . . . . Known Exits Taken . | . . . . . Unknown Exits Taken 4 | 1 1 1 1 . Scrap Searched . | . . . . . Spaces Dug 41 | . 22 . 19 . Terrain Destroyed 186 | . 29 . 38 119 Melee . | . . . . . Projectile 6 | . . . 1 5 AOE 180 | . 29 . 37 114 Terrain Rammed . | . . . . . Walls Destroyed . | . . . . . Machines Disabled . | . . . . . Actions | -11 -10 -9 -8 -7 --------- Run | Yrd Mat Mat Mat Fac Total 5558 | 70 557 607 1064 3260 Wait 880 | . 43 52 141 644 Move 3961 | 58 427 475 792 2209 Hop . | . . . . . Pick Up 81 | 6 15 11 12 37 Fast Attach 75 | 6 8 6 22 33 Attach 14 | . 1 2 1 10 Detach 10 | . 4 1 3 2 Swap 86 | . 9 8 9 60 Drop 122 | . 8 15 28 71 Fire 308 | . 42 37 40 189 Melee 11 | . . . 10 1 Ram 1 | . . . . 1 Kick 3 | . . . 3 . Crush 6 | . . . 3 3 Escape Stasis . | . . . . . Rewire . | . . . . . Trap . | . . . . . Miscellaneous . | . . . . . Route ------- -11/Scrapyard -10/Materials (discovered 3 exits: *Mat / [*Min x2]) -9/Materials -8/Materials -7/Factory (discovered 2 exits: [*Fac] / [*Low]) History --------- Turn | Location | Event 5 | -11/Scrapyard | Discovered new exit (range 15) 82 | -11/Scrapyard | Entered Materials 82 | -10/Materials | Discovered new exit (range 14) 308 | -10/Materials | Build established: Mutant 369 | -10/Materials | Destroyed 7 combat bots 659 | -10/Materials | Discovered new exit (range 12) 767 | -10/Materials | Discovered new exit (range 8) 820 | -10/Materials | Repaired EM Shotgun 864 | -10/Materials | Entered another Materials area 864 | -9/Materials | Evolved 2 slots: Utility x2 1585 | -9/Materials | Discovered new exit (range 16) 1832 | -9/Materials | Entered another Materials area 1832 | -8/Materials | Evolved 2 slots: Propulsion x2 2244 | -8/Materials | Build established: Scavenger-Mutant 2707 | -8/Materials | Build established: Mutant 2761 | -8/Materials | Discovered new exit (range 8) 3345 | -8/Materials | Build established: Scavenger-Mutant 3552 | -8/Materials | Entered Factory 3552 | -7/Factory | Evolved 2 slots: Propulsion x1, Utility x1 3758 | -7/Factory | Garrison activated, responded to threat 3939 | -7/Factory | Build established: Mutant 4817 | -7/Factory | Garrison activated, responded to threat 5092 | -7/Factory | Discovered new exit (range 10) 5439 | -7/Factory | Discovered new exit (range 5) 5498 | -7/Factory | Build established: Scavenger-Mutant 5672 | -7/Factory | Core integrity fell below 50% 5692 | -7/Factory | Repaired Broken Flak Gun 5952 | -7/Factory | First assault squad dispatched 6022 | -7/Factory | Fabricated Arm. Wheel (x2) 6609 | -7/Factory | Lost 3 parts (3n) 6876 | -7/Factory | Build established: Mutant 7153 | -7/Factory | System corruption reached 10% 7202 | -7/Factory | Lost 3 parts (2n1u) 7401 | -7/Factory | Garrison activated, responded to threat 7436 | -7/Factory | Core integrity fell below 20% 7475 | -7/Factory | Destroyed 8 combat bots 7484 | -7/Factory | Lost 5 parts (3n2u) 7513 | -7/Factory | Build established: Scavenger-Mutant 7653 | -7/Factory | Destroyed by P-60 Hacker via exploding Fusion Modulator Last Messages --------------- 07564_ R-06 Scavenger destroyed. 07568_ Acquired 15 matter. 07571_ Acquired 61 matter. 07574_ Dropped Lgt. Deuterium Engine. 07579_ K-01 Serf collects debris. 07581_ System corrupted: Energy discharge (-53). 07583_ U-05 Engineer lays Concrete. 07583_ K-01 Serf collects debris. 07585_ U-05 Engineer lays Concrete. 07586_ Acquired Imp. Heat Sink. 07586_ K-01 Serf cleans the Terminal. 07590_ K-01 Serf collects debris. 07596_ System corrupted: Matter fused (-9). 07598_ K-01 Serf collects debris. 07631_ System corrupted: Energy discharge (-96). 07642_ P-60 Hacker knocked back. 07653_ Fusion Modulator explodes. 07653_ Flak Gun destroyed. 07653_ Com. Wheel destroyed. 07653_ ECM Suite destroyed. Map ----- +----------------------------------------------------+ | ?????????????????????????????????????????????????? | | ?????????????????????????????????????????????????? | | ?????????????????????????????????????????????????? | | ?????????????????????????????????????????????????? | | ?????????????????????????????????????????????????? | | ?????????????????????????????????????????????????? | | ?????????????????????????????????????????????????? | | ?????????????????????????????????????????????????? | | ?????????????????????????????????????????????????? | | ?????????????????????????????????????????????????? | | ?????????????????????????????????????????????????? | | ????????????????????? ???????????????????????????? | | ??????????????????# ?????????????????????????? | | ??????????????????+ ?????????????????????????? | | ?????????? ???????# ????????????????????????? | | ??????????????????# ????????????????????????? | | ??????????????????# ????????????????????????? | | #?????????????????# ????????????????????????? | | #????#? ??????????# #########?#??????????????? | | #????# ???????????# # # #??????????????? | | ##############????# #;;;;;;;;;##?????????????? | | # #????# ; ; #?????????????? | | # """ """ !#????# ;! #?????????????? | | # """ """ #???## ; #?????????????? | | # """[""" #????# ; #?????????????? | | # % * !! #???## ;@ #######???????? | | #+#####+######????# p #?? | | # ### #??#????# # ;## ####???????? | | "" [######### # ; #?????????????? | | T" [ = * # ; #?????????????? | | !###########+####;;;;;;;; #?????????????? | | ##/## #????# ;# #####?????????????? | | ###+###????# #??#?????????????????? | | # ?????# #????????????????????? | | """ ????# #????????????????????? | | " "G" #???# #????????????????????? | | " " " ????# #????????????????????? | | " #???# "" "" #????????????????????? | | ! # ! #???# "" "" #????????????????????? | | ""######???# """ """ #????????????????????? | | "" #????????# """ """ #????????????????????? | | ###????????# ?"" "?? #????????????????????? | | #####??????????# ????? ???? #????????????????????? | | ???#???????????##?????#??????????????????????????? | | | | | | | | | | | | | +----------------------------------------------------+ Best States ------------- Heat Dissipation 48 Coolant Potential 50 Energy Generation 18 Energy Capacity 310 Matter Stores 300 Matter Capacity 300 Sight Range 16 Terrain Scan Range 14 Terrain Scan Density 10 ECM Strength 1 Additional Mass Support 6 Armor Coverage 225 Evasion (%) 55 Targeting Accuracy 11 Core Analysis 6 Recoil Reduction 4 Item Schematics ----------------- Flak Gun | -7/Factory | Scanalyzed Arm. Wheel | -7/Factory | Scanalyzed Robot Schematics ------------------ None Fabricated ------------ Arm. Wheel | x2 | -7/Factory Alien Tech Used ----------------- None Achievements -------------- None Challenges ------------ None Game ------ Seed BeamAssemblyTreads Manual? 0 Play Time 00:57:47 Cumulative 150.8 hours Start 2024.05.05 @ 10:53:06 End 2024.05.05 @ 12:17:57 Sessions 1 Manual Loads 0 Difficulty Rogue Special Mode None Game No. 301 Rogue 301 Adventurer 0 Explorer 0 Win Type - Total 0 Types 0/0/0/0/0/0/0/0/0 Lore% 38 Gallery% 58 Achievement% 41 Wizard Run 0 Options --------- Layout 0 ASCII 0 Keyboard 1 Movement Numpad Keybinds 0 Fullscreen 2 Font 18/X11 Map View 76x50 Zoom Use 0% Tactical HUD 1 Map Filters NONE Filters NONE Steam 1 RUN: 83302881-b1b6-4ca2-8e27-0ea7dd8c6aa2